[Event "ICC Open 2015"]
[Site "Internet Chess Club"]
[Date "2015.05.29"]
[Round "5"]
[White "beaupre"]
[Black "SirHarmony"]
[Result "1-0"]
[ICCResult "Black forfeits on time"]
[WhiteElo "1783"]
[BlackElo "1533"]
[Opening "QP counter-gambit (elephant gambit)"]
[ECO "C40"]
[NIC "KP.10"]
[Time "14:48:51"]
[TimeControl "180+0"]

1. e4 e5 2. Nf3 d5 3. exd5 e4 4. Ne5 Qxd5 5. d4 exd3 6. Nxd3 Bf5 7. Nc3 Qe6+
8. Be3 Nc6 9. Nf4 Qe5 10. Bb5 Bc5 11. Bxc6+ bxc6 12. Nd3 Bxd3 13. Qxd3 Rd8
14. Qe2 Bxe3 15. Qxe3 Qxe3+ 16. fxe3 Nf6 17. O-O O-O 18. Rfd1 Ng4 19. Re1
Rd2 20. h3 Nf6 21. Rac1 Rb8 22. b3 Rbd8 23. Kf1 Nh5 24. Ne4 R2d5 25. g4 Nf6
26. Nxf6+ gxf6 27. Kf2 Kg7 28. c4 Rd2+ 29. Re2 Kg6 30. Rc2 Rxc2 31. Rxc2 Kg5
32. Kg3 Rd3 33. Re2 f5 34. h4+ Kg6 35. Kf4 fxg4 36. Kxg4 f5+ 37. Kf4 Kf6 38.
Rg2 h6 39. h5 Rd1 40. Rg6+ Kf7 41. Rxh6 Rf1+ 42. Ke5 Re1 43. Kxf5 Rxe3 44.
Rh7+ Ke8 45. Rxc7 {Black forfeits on time} 1-0

[Event "ICC Open 2015"]
[Site "Internet Chess Club"]
[Date "2015.05.29"]
[Round "5"]
[White "budde"]
[Black "Mercury"]
[Result "0-1"]
[ICCResult "White checkmated"]
[WhiteElo "1990"]
[BlackElo "2458"]
[Opening "Sicilian: Nimzovich-Rossolimo attack (without ...d6)"]
[ECO "B30"]
[NIC "SI.31"]
[Time "14:48:00"]
[TimeControl "180+0"]

1. e4 c5 2. Nf3 Nc6 3. Bb5 d6 4. O-O Bd7 5. c3 Nf6 6. Re1 a6 7. Bxc6 Bxc6 8.
Qc2 Rc8 9. d3 e6 10. Nbd2 Be7 11. e5 dxe5 12. Nxe5 O-O 13. Nxc6 Rxc6 14. Ne4
Qd5 15. Be3 Rd8 16. Rad1 Qxa2 17. c4 Qa5 18. Bd2 Qc7 19. Bc3 Nxe4 20. dxe4
Rcd6 21. Rc1 Qd7 22. h3 Bg5 23. Ra1 Rd3 24. Re2 h5 25. g3 h4 26. g4 Rxh3 27.
Kg2 Rd3 28. Rae1 b5 29. cxb5 axb5 30. Be5 c4 31. f4 h3+ 32. Kh2 Bh4 33. Rf1
f6 34. Bc3 Qc7 35. e5 Bg3+ 36. Kh1 fxe5 37. Bxe5 Qc6+ 38. Kg1 h2+ 39. Rxh2
Bxh2+ 40. Kxh2 Rd2+ 41. Rf2 Rxc2 42. Rxc2 Qf3 43. Rg2 Rd3 44. Kg1 Rd1+ 45.
Kh2 Rf1 46. Bd6 Rf2 47. Be5 Qxg2# {White checkmated} 0-1

[Event "ICC Open 2015"]
[Site "Internet Chess Club"]
[Date "2015.05.29"]
[Round "5"]
[White "JEMEM"]
[Black "kjelldino"]
[Result "1-0"]
[ICCResult "Black forfeits on time"]
[WhiteElo "2043"]
[BlackElo "1967"]
[Opening "QGD semi-Slav: 5.e3"]
[ECO "D45"]
[NIC "SL.08"]
[Time "14:47:44"]
[TimeControl "180+0"]

1. d4 d5 2. c4 e6 3. Nc3 c6 4. Nf3 Nf6 5. e3 Be7 6. Qc2 O-O 7. b3 b6 8. Be2
Ba6 9. O-O Nbd7 10. Bb2 Rc8 11. Rac1 c5 12. dxc5 bxc5 13. cxd5 Bxe2 14. Qxe2
exd5 15. Rfd1 Nb6 16. Nb5 a6 17. Nc3 Ra8 18. Ne5 Qc7 19. Nb1 Rfd8 20. Nd2
Bd6 21. Ndf3 Ne4 22. Nd3 c4 23. bxc4 Nxc4 24. Be5 Qe7 25. Bxd6 Rxd6 26. Nd4
g6 27. Nf4 Rad8 28. Nf3 Kg7 29. Nxd5 Rxd5 30. Rxd5 Rxd5 31. Rxc4 Ng5 32.
Nxg5 Qxg5 33. h3 Qf6 34. Qe1 Qb2 35. a4 Rd2 36. Rc1 Qa2 37. Ra1 Qb2 38. Qf1
a5 39. Rb1 Qa2 40. Ra1 Qb2 41. Re1 Qa2 42. Ra1 Qd5 43. Qe1 Qd3 44. Rc1 h5
45. Qf1 Qd7 46. Ra1 h4 47. Qe1 g5 48. Qf1 f6 49. Qe1 Qd3 50. Qf1 Qxf1+ 51.
Rxf1 Ra2 52. Rd1 Rxa4 53. Rd7+ Kg6 54. Ra7 Ra1+ 55. Kh2 a4 56. g3 a3 57. Kg2
hxg3 58. Kxg3 a2 59. Kf3 f5 60. Ra4 Kh5 61. Ra5 g4+ 62. hxg4+ Kg5 63. gxf5
Kf6 64. Ra6+ Kg5 65. Ra5 Kf6 66. Ra6+ Kg5 67. Ra5 Kf6 68. e4 Kg5 69. Ra6 Rg1
70. e5 {Black forfeits on time} 1-0

[Event "ICC Open 2015"]
[Site "Internet Chess Club"]
[Date "2015.05.29"]
[Round "5"]
[White "xionoula"]
[Black "ALexiz"]
[Result "1-0"]
[ICCResult "Black forfeits on time"]
[WhiteElo "2204"]
[BlackElo "1797"]
[Opening "Dutch"]
[ECO "A80"]
[NIC "HD.12"]
[Time "14:47:51"]
[TimeControl "180+0"]

1. d4 f5 2. Bf4 e6 3. e3 Nf6 4. Nf3 Be7 5. h3 d6 6. Be2 O-O 7. c4 Ne4 8.
Nbd2 Bf6 9. Qc2 d5 10. cxd5 Qxd5 11. Nxe4 fxe4 12. Ne5 Qa5+ 13. Qc3 Qxc3+
14. bxc3 c6 15. Bc4 Re8 16. Bb3 Nd7 17. Bc2 Bxe5 18. Bxe5 Nxe5 19. dxe5 b6
20. Bxe4 Bb7 21. O-O Rad8 22. Rfd1 g6 23. Kf1 Kf7 24. f4 Ke7 25. Ke1 b5 26.
Rxd8 Rxd8 27. Rd1 Rxd1+ 28. Kxd1 Kd7 29. h4 a5 30. a3 Ba6 31. g4 c5 32. g5
Ke7 33. h5 Kf7 34. hxg6+ hxg6 35. Kd2 b4 36. cxb4 cxb4 37. axb4 axb4 38. Bd3
Bb7 39. Bc4 Bc6 40. Kc2 Ba4+ 41. Bb3 Bb5 42. Kd2 Ke7 43. e4 Kd7 44. Ke3 Ke7
45. Kd4 Kd7 46. Ke3 Ke7 47. Kd4 Kd7 48. Bc2 Bc6 49. f5 exf5 50. exf5 gxf5
51. Bxf5+ Ke7 52. Kc5 Bf3 53. g6 Bh5 54. Kxb4 Kd8 55. g7
{Black forfeits on time}
1-0

[Event "ICC Open 2015"]
[Site "Internet Chess Club"]
[Date "2015.05.29"]
[Round "5"]
[White "Danya"]
[Black "ShadowLike"]
[Result "1-0"]
[ICCResult "Black forfeits on time"]
[WhiteElo "3047"]
[BlackElo "2229"]
[Opening "Budapest: Fajarowicz variation"]
[ECO "A51"]
[NIC "QG.01"]
[Time "14:48:43"]
[TimeControl "180+0"]

1. d4 Nf6 2. c4 e5 3. dxe5 Ne4 4. a3 b6 5. Nf3 Bb7 6. Nbd2 Be7 7. Nxe4 Bxe4
8. Bf4 O-O 9. e3 Re8 10. Be2 Nc6 11. O-O Bf8 12. Ng5 Bg6 13. Qd5 Qe7 14. Bd3
Nxe5 15. Bxe5 Qxe5 16. Bxg6 Qxd5 17. Bxh7+ Kh8 18. cxd5 f6 19. Bg6 fxg5 20.
Bxe8 Rxe8 21. Rac1 Bd6 22. Rc4 Re5 23. Rd1 g6 24. h4 gxh4 25. Rxh4+ Kg7 26.
e4 a5 27. a4 g5 28. Rg4 Kf6 29. Rd3 Bc5 30. Kf1 d6 31. Rf3+ Kg6 32. Ke2 Bd4
33. b3 Bc5 34. Kd3 Kg7 35. Rf5 Rxf5 36. exf5 Kf6 37. f4 gxf4 38. Rxf4
{Black forfeits on time}
1-0

[Event "ICC Open 2015"]
[Site "Internet Chess Club"]
[Date "2015.05.29"]
[Round "5"]
[White "Satyricon"]
[Black "Piranha"]
[Result "1-0"]
[ICCResult "Black forfeits on time"]
[WhiteElo "2236"]
[BlackElo "1835"]
[Opening "Dutch with c4 & Nc3"]
[ECO "A87"]
[NIC "HD.05"]
[Time "14:48:31"]
[TimeControl "180+0"]

1. d4 f5 2. c4 Nf6 3. Nc3 g6 4. Nf3 Bg7 5. g3 d6 6. Bg2 O-O 7. O-O Qe8 8. b3
e5 9. dxe5 Nfd7 10. Bb2 dxe5 11. Qc2 e4 12. Ng5 h6 13. Nh3 c6 14. f3 exf3
15. exf3 Nf6 16. Rfe1 Qf7 17. Nf4 Na6 18. Re2 g5 19. Nd3 Nh5 20. Rae1 Bf6
21. Na4 Bd7 22. Bxf6 Qxf6 23. Ndc5 Nxc5 24. Nxc5 Rad8 25. Re5 Bc8 26. Qf2 f4
27. g4 Ng7 28. R5e2 b6 29. Ne4 Qg6 30. h4 Ne6 31. hxg5 Nxg5 32. Nxg5 hxg5
33. Re7 Rf7 34. Re8+ Rxe8 35. Rxe8+ Kh7 36. Rxc8 Re7 37. Bf1 Qb1 38. Qh2+
Kg6 39. Rg8+ Kf6 40. Qh6+ Ke5 41. Qxg5+ Kd4 42. Qxf4+ Kc3 43. Qf6+ Kb4 44.
Qxe7+ Kc3 45. Qe3+ Kb4 46. Rd8 c5 47. Rd2 Ka3 48. Rg2 {Black forfeits on
time} 1-0

[Event "ICC Open 2015"]
[Site "Internet Chess Club"]
[Date "2015.05.29"]
[Round "5"]
[White "RiFlex01"]
[Black "Womacka"]
[Result "1/2-1/2"]
[ICCResult "Game drawn by mutual agreement"]
[WhiteElo "2173"]
[BlackElo "2399"]
[Opening "Sicilian: Canal-Sokolsky (Nimzovich-Rossolimo, Moscow) attack"]
[ECO "B51"]
[NIC "SI.01"]
[Time "14:48:45"]
[TimeControl "180+0"]

1. e4 c5 2. Nf3 d6 3. Bb5+ Nd7 4. O-O a6 5. Bd3 Ngf6 6. Re1 g6 7. c3 Bg7 8.
h3 O-O 9. Bc2 e5 10. d4 exd4 11. cxd4 Re8 12. Nc3 cxd4 13. Nxd4 Nc5 14. Bg5
h6 15. Bf4 Nh5 16. Bh2 Be6 17. b4 Nd7 18. Bxd6 Ne5 19. Nxe6 Rxe6 20. Bxe5
Bxe5 21. Nd5 Bxa1 22. Qxa1 Nf6 23. Bb3 Nxd5 24. Bxd5 Rd6 25. Qc1 Rc8 26.
Qxh6 Qe7 27. Re3 Qf8 28. Qf4 Kg7 29. h4 Qe7 30. h5 Qf6 31. Qxf6+ Rxf6 32.
hxg6 fxg6 33. e5 Rc1+ 34. Kh2 Rxf2 35. Bxb7 Rxa2 36. e6 Rc7 37. e7 Rxe7 38.
Rxe7+ Kf6 39. Rc7 Rb2 40. Rc4 a5 41. bxa5 Rxb7 42. Ra4 Ra7 43. a6 Kg5
{Game drawn by mutual agreement}
1/2-1/2

[Event "ICC Open 2015"]
[Site "Internet Chess Club"]
[Date "2015.05.29"]
[Round "5"]
[White "HaraldEskilstu"]
[Black "sibirica"]
[Result "0-1"]
[ICCResult "White forfeits on time"]
[WhiteElo "2006"]
[BlackElo "2570"]
[Opening "Caro-Kann: exchange variation"]
[ECO "B13"]
[NIC "CK.02"]
[Time "14:48:08"]
[TimeControl "180+0"]

1. e4 c6 2. d4 d5 3. exd5 cxd5 4. Bd3 Nf6 5. h3 Nc6 6. c3 e5 7. dxe5 Nxe5 8.
Qe2 Qe7 9. Be3 Nxd3+ 10. Qxd3 Qc7 11. Nf3 Bd6 12. O-O O-O 13. Nbd2 Be6 14.
Bd4 Nd7 15. Rfe1 Bf4 16. Re2 Nc5 17. Bxc5 Qxc5 18. Rae1 Qd6 19. Nd4 Rfe8 20.
N2f3 a6 21. g3 Bh6 22. Nxe6 Rxe6 23. Nd4 Rxe2 24. Qxe2 g6 25. Qe7 Qxe7 26.
Rxe7 Rb8 27. Rd7 Bc1 28. b3 Bb2 29. Ne2 Rc8 30. Rxb7 Bxc3 31. Nxc3 Rxc3 32.
Rb6 a5 33. Rb5 a4 34. bxa4 d4 35. a5 d3 36. Rd5 Ra3 37. Kf1 Rxa2 38. Ke1 h5
39. f4 Kg7 40. g4 hxg4 41. hxg4 Ra4 42. g5 Rxf4 43. Kd2 Ra4 44. Kxd3 f6 45.
Rd7+ Kf8 46. Ra7 fxg5 47. a6 g4 48. Ke3 g5 49. Kf2 Kg8 50. Kg3 Kf8 51. Ra8+
Kg7 52. Ra7+ Kg6 53. Ra8 Kf5 54. a7 Ra3+ 55. Kg2 Ra2+ 56. Kf1 Kf4 57. Rf8+
Kg3 58. a8=Q Rxa8 59. Rxa8 Kf3 {White forfeits on time} 0-1

[Event "ICC Open 2015"]
[Site "Internet Chess Club"]
[Date "2015.05.29"]
[Round "5"]
[White "Talion"]
[Black "RedCard"]
[Result "1-0"]
[ICCResult "Black forfeits on time"]
[WhiteElo "2950"]
[BlackElo "2214"]
[Opening "Queen's pawn, Mason variation, Steinitz counter-gambit"]
[ECO "D00"]
[NIC "QP.08"]
[Time "14:47:55"]
[TimeControl "180+0"]

1. d4 d5 2. Bf4 c5 3. e3 Nc6 4. c3 e6 5. Nd2 Bd6 6. Bg3 Nf6 7. Ngf3 O-O 8.
Bb5 cxd4 9. exd4 Qc7 10. O-O Nd7 11. Re1 a6 12. Bd3 h6 13. a4 e5 14. dxe5
Ncxe5 15. Bc2 Nxf3+ 16. Nxf3 Bxg3 17. hxg3 Nf6 18. Qd4 Be6 19. a5 Qc4 20.
Bd3 Qc7 21. Ne5 Rfe8 22. Re3 Rac8 23. Bc2 Qc5 24. Nf3 Qd6 25. Qf4 Qxf4 26.
gxf4 Bg4 27. Rxe8+ Rxe8 28. Nd4 Bd7 29. f3 Nh5 30. f5 Nf4 31. Kf2 Nh5 32.
Rh1 Nf6 33. Bb3 Bc6 34. Rd1 Rd8 35. Nc2 Kf8 36. Ne3 Ke7 37. Rd4 Rd6 38. Ke2
Kd7 39. Kd2 Kc7 40. Ba2 Rd8 41. Nc2 Re8 42. Rh4 Re5 43. Nd4 Re8 44. Bb1 Kd6
45. Rh3 Rg8 46. Bd3 Kc5 47. b4+ Kd6 48. Rh1 Nd7 49. g4 Ne5 50. Be2 Nc4+ 51.
Bxc4 dxc4 52. Ke3 Re8+ 53. Kf4 Kc7 54. f6 g5+ 55. Kg3 Re3 56. Rxh6 Rxc3 57.
Rh5 Rd3 58. Nxc6 bxc6 59. Rxg5 Rd5 60. Rg7 Rd7 61. Rh7 c3 62. Rh1 Rd4 63.
Rc1 Rxb4 64. Rxc3 Rb5 65. f4 Rxa5 66. g5 Rd5 67. Kg4 a5 68. f5 Rd4+ 69. Kf3
Rd1 70. Ke4 Rf1 71. Rg3 Re1+ 72. Kd3 a4 73. g6 fxg6 74. fxg6 a3 75. Rg2 Rf1
76. f7 Rf6 77. g7 {Black forfeits on time} 1-0

[Event "ICC Open 2015"]
[Site "Internet Chess Club"]
[Date "2015.05.29"]
[Round "5"]
[White "FedoseevVl95"]
[Black "Inmune"]
[Result "0-1"]
[ICCResult "White forfeits on time"]
[WhiteElo "3101"]
[BlackElo "2980"]
[Opening "QGA, 4.Nc3"]
[ECO "D24"]
[NIC "QP.09"]
[Time "14:47:19"]
[TimeControl "180+0"]

1. Nf3 d5 2. d4 Nf6 3. c4 dxc4 4. Nc3 g6 5. e3 Bg7 6. Bxc4 O-O 7. O-O Ne8 8.
b4 Nd6 9. Bd3 a5 10. bxa5 Nc6 11. Bb2 Nxa5 12. Qe2 Be6 13. Nd2 b5 14. Nxb5
Nxb5 15. Bxb5 c6 16. Bd3 c5 17. Nf3 Rb8 18. Rfd1 Qb6 19. Bc3 Rfc8 20. dxc5
Qxc5 21. Bxg7 Kxg7 22. Nd4 Bc4 23. Bxc4 Qxc4 24. Qd2 Qc3 25. Qxc3 Rxc3 26.
Rd2 Nc4 27. Re2 e5 28. Nb3 Ra8 29. Rd1 e4 30. h3 Ne5 31. Rd4 f5 32. Red2 Ra7
33. Kh2 Rc6 34. Rd5 Nd3 35. f3 Rca6 36. fxe4 fxe4 37. Nc5 Nxc5 38. Rxc5 Ra4
39. Re5 Kf6 40. Rdd5 Rxa2 41. Rxe4 Re2 42. Rf4+ Ke7 43. Re5+ Kd6 44. Ree4
Raa2 45. Rg4 Kd5 46. Re7 Ra6 47. Rxh7 Rxe3 48. Rg7 Ree6 49. Rg5+ Ke4 50. Kg3
Ra3+ 51. Kh4 Ra2 52. Rg4+ Kf5 53. Rf7+ Ke5 54. Rg5+ Kd6 55. Rg7 Ra4+ 56. g4
Ra3 57. R7xg6 Rb3 58. Rxe6+ Kxe6 59. Rf5 Ke7 60. Kg5 Rb1 61. h4 Ke8 62. h5
Rh1 63. h6 Rb1 64. Kg6 Rb7 65. g5 Rb6+ 66. Rf6 Rb8 67. Kg7 Ke7 68. Rf7+ Ke6
69. g6 Ke5 70. h7 Rb6 71. Re7+ Kd6 72. Rf7 Kd5 73. h8=Q Rb4 74. Qd8+ Kc4 75.
Qc7+ Kb3 76. Rf3+ Ka4 77. Qa7+ Kb5 78. Qe3 Kc4 79. Rf5 Rb5 80. Rf4+ Kd5 81.
Kh6 Kc6 82. Qf3+ Rd5 83. Rf6+ Kc7 {White forfeits on time} 0-1

[Event "ICC Open 2015"]
[Site "Internet Chess Club"]
[Date "2015.05.29"]
[Round "5"]
[White "suilven"]
[Black "mementogambit"]
[Result "1-0"]
[ICCResult "Black forfeits on time"]
[WhiteElo "1837"]
[BlackElo "1598"]
[Opening "French: Tarrasch"]
[ECO "C03"]
[NIC "FR.14"]
[Time "14:48:16"]
[TimeControl "180+0"]

1. e4 e6 2. d4 d5 3. Nd2 h6 4. e5 c5 5. c3 Nc6 6. Ndf3 Qb6 7. Qb3 g5 8. h3
Nge7 9. dxc5 Qxc5 10. Be3 Qa5 11. Bd3 Bg7 12. Bd4 Nxd4 13. Nxd4 Bxe5 14.
Ngf3 Bg7 15. O-O O-O 16. Rfe1 Nc6 17. Nb5 Qd8 18. Rad1 a6 19. Na3 b5 20. Bb1
Qf6 21. Nc2 Na5 22. Qa3 Nc4 23. Qb4 Bd7 24. b3 a5 25. Qc5 Rfc8 26. Qd4 Qxd4
27. Ncxd4 Na3 28. Bd3 Rxc3 29. Bf1 b4 30. Nd2 Rac8 31. h4 Bxd4 32. hxg5 hxg5
33. Nf3 Bf6 34. Kh2 Rc2 35. Be2 Rxa2 36. Ba6 Rb2 37. Bxc8 Bxc8 38. Rd3 Nc2
39. Re2 {Black forfeits on time} 1-0

[Event "ICC Open 2015"]
[Site "Internet Chess Club"]
[Date "2015.05.29"]
[Round "5"]
[White "MastroNuzzo"]
[Black "Ramanip15"]
[Result "0-1"]
[ICCResult "White disconnected and forfeits"]
[WhiteElo "2381"]
[BlackElo "1934"]
[Opening "QGD: Tarrasch, Prague variation, 9.Bg5"]
[ECO "A05"]
[NIC "TD.03"]
[Time "14:48:29"]
[TimeControl "180+0"]

1. Nf3 Nf6 2. c4 e6 3. g3 c5 4. Bg2 d5 5. cxd5 exd5 6. O-O Be7 7. d4 Nc6 8.
Nc3 O-O 9. Bg5 Be6 10. dxc5 Bxc5 11. Rc1 Be7 12. Nb5 Ne4 13. Bxe7 Qxe7 14.
Nbd4 Rac8 15. Qa4 Nc5 16. Qa3 a6 17. Qxc5 Qxc5 18. Rxc5 Nxd4 19. Rxc8 Nxe2+
20. Kh1 Rxc8 21. Re1 Rc1 22. Rxc1 Nxc1 23. Nd4 Nxa2 24. Kg1 Kf8 25. f4 g6
26. Kf2 Ke7 27. Ke3 Kd6 28. h3 Nb4 29. g4 Nc6 30. Nf3 Kc5 31. Ng5 d4+ 32.
Kd3 Bc4+ 33. Kd2 h6 34. Ne4+ Kb4 35. Nd6 a5 36. Nxb7 a4 37. Bxc6 a3
{White disconnected and forfeits}
0-1

[Event "ICC Open 2015"]
[Site "Internet Chess Club"]
[Date "2015.05.29"]
[Round "5"]
[White "slothchess"]
[Black "triumphant1"]
[Result "0-1"]
[ICCResult "White checkmated"]
[WhiteElo "1565"]
[BlackElo "2074"]
[Opening "KP: Nimzovich defense"]
[ECO "B00"]
[NIC "VO.04"]
[Time "14:48:31"]
[TimeControl "180+0"]

1. e4 Nc6 2. d3 Nf6 3. Nd2 d5 4. Ngf3 Bg4 5. Be2 e6 6. O-O Qd7 7. c3 O-O-O
8. e5 Nh5 9. d4 Nf4 10. h3 Bh5 11. Re1 f6 12. Nf1 Nxe2+ 13. Qxe2 fxe5 14.
dxe5 Bc5 15. Ng3 Bxf3 16. Qxf3 Rdf8 17. Qe2 Rxf2 18. Qxf2 Bxf2+ 19. Kxf2 d4
20. Rd1 Qf7+ 21. Kg1 Rf8 22. Nh1 Qh5 23. Bd2 d3 24. Re1 Qg6 25. Rad1 Rf5 26.
Be3 Rxe5 27. Bf2 Rxe1+ 28. Bxe1 Ne5 29. Bd2 Nf3+ 30. Kf1 Nxd2+ 31. Rxd2 e5
32. Nf2 e4 33. Nxe4 Qxe4 34. Rf2 Qe3 35. Rf8+ Kd7 36. Rf7+ Kd6 37. Rxg7 d2
38. Rg8 Qe1# {White checkmated} 0-1

[Event "ICC Open 2015"]
[Site "Internet Chess Club"]
[Date "2015.05.29"]
[Round "5"]
[White "Jack-Daniels"]
[Black "Pantani"]
[Result "1-0"]
[ICCResult "Black checkmated"]
[WhiteElo "2843"]
[BlackElo "3037"]
[Opening "QGD Slav: 4.e3"]
[ECO "D11"]
[NIC "SL.01"]
[Time "14:48:32"]
[TimeControl "180+0"]

1. d4 d5 2. c4 c6 3. Nf3 Nf6 4. e3 e6 5. Bd3 a6 6. b3 c5 7. cxd5 Nxd5 8.
dxc5 Bxc5 9. Bb2 Bb4+ 10. Ke2 Nc6 11. a3 Be7 12. Bxg7 Rg8 13. Bb2 Rxg2 14.
Kf1 Nxe3+ 15. fxe3 Rxb2 16. Nc3 Bf6 17. Ne4 Ne5 18. Nxe5 Bxe5 19. Rc1 f5 20.
Qh5+ Kf8 21. Nc5 Qf6 22. Qxh7 Qg7 23. Qxg7+ Kxg7 24. Bc4 Kf6 25. a4 b6 26.
Nd3 Rxh2 27. Rxh2 Bxh2 28. Nf4 b5 29. axb5 axb5 30. Bxb5 Ra2 31. Rxc8 e5 32.
Nd5+ Ke6 33. Bc4 Kd6 34. Nc3 Rc2 35. Nb5+ Kd7 36. Rc7+ Kd8 37. Rh7 Bg3 38.
Nd6 f4 39. Be6 Rh2 40. Rd7# {Black checkmated} 1-0

[Event "ICC Open 2015"]
[Site "Internet Chess Club"]
[Date "2015.05.29"]
[Round "5"]
[White "QuezadaY"]
[Black "Lucas"]
[Result "1-0"]
[ICCResult "Black forfeits on time"]
[WhiteElo "3351"]
[BlackElo "2539"]
[Opening "Alekhine's defense: modern, fianchetto variation"]
[ECO "B04"]
[NIC "AL.04"]
[Time "14:48:33"]
[TimeControl "180+0"]

1. e4 Nf6 2. e5 Nd5 3. d4 d6 4. Nf3 g6 5. Bc4 c6 6. Qe2 Bg7 7. h3 O-O 8. O-O
h6 9. Re1 Be6 10. Bb3 Nc7 11. Nc3 Bxb3 12. axb3 dxe5 13. dxe5 Ne6 14. h4 Nd7
15. h5 g5 16. Qe4 Qc7 17. Qf5 Rfd8 18. Ne4 Ndf8 19. Be3 c5 20. c4 b6 21. Nc3
Nd4 22. Bxd4 cxd4 23. Nd5 Qb7 24. Qe4 Qd7 25. Rad1 Ne6 26. Nxd4 Nc5 27. Qe3
e6 28. Nf6+ Bxf6 29. exf6 Qb7 30. b4 Nd7 31. Nxe6 Re8 32. Qd4 Nxf6 33. Qxf6
fxe6 34. Qxh6 Qg7 35. Rxe6 Qxh6 36. Rxh6 Re7 37. Rg6+ Kh7 38. Rxg5 Rc8 39.
c5 bxc5 40. bxc5 Rb7 41. Rd2 a5 42. Rc2 a4 43. c6 Rbc7 44. Rgc5 Rd8 45. Kh2
Rd6 46. Kh3 Rd4 47. g4 Kh6 48. Kg3 Rb4 49. f4 a3 50. bxa3 Rb3+ 51. Kh4 Rxa3
52. g5+ Kh7 53. h6 Kg6 54. f5+ Kh7 55. Rd5 Raa7 56. Kh5 Ra8 57. g6+ Kh8 58.
Rcd2 {Black forfeits on time} 1-0

[Event "ICC Open 2015"]
[Site "Internet Chess Club"]
[Date "2015.05.29"]
[Round "5"]
[White "ZeCarioca"]
[Black "Warhabid"]
[Result "0-1"]
[ICCResult "White forfeits on time"]
[WhiteElo "1647"]
[BlackElo "2312"]
[Opening "QGD Slav defense: exchange variation"]
[ECO "D10"]
[NIC "SL.01"]
[Time "14:47:59"]
[TimeControl "180+0"]

1. d4 d5 2. c4 c6 3. cxd5 cxd5 4. Nc3 Nf6 5. Bf4 Nc6 6. e3 a6 7. Bd3 Bg4 8.
f3 Bh5 9. Nge2 e6 10. a3 Be7 11. O-O O-O 12. b4 Rc8 13. Rc1 Nd7 14. Na4 f6
15. Qb3 Bf7 16. Nc5 Nxc5 17. bxc5 e5 18. Bg3 Qd7 19. Bf2 Rfd8 20. Rb1 Na5
21. Qb6 Qc7 22. Bf5 Qxb6 23. Rxb6 Rc6 24. Rfb1 Rxb6 25. Rxb6 Be8 26. Be1 Nc4
27. Rxb7 Kf8 28. Kf2 g6 29. Bd3 Bc6 30. Rb4 Nxa3 31. Bxa6 Ra8 32. Rb6 Be8
33. Bb4 Nc4 34. Bxc4 dxc4 35. Nc3 Ra1 36. c6 exd4 37. exd4 Bxb4 38. Rxb4 Ra6
39. d5 Ra3 40. Rxc4 Ke7 41. Ne4 Ra2+ 42. Kg3 f5 43. d6+ Ke6 44. d7 Bxd7 45.
cxd7 Kxd7 46. Nf6+ Ke6 47. Nxh7 Rb2 48. Ng5+ Kf6 49. h4 Ra2 50. Rc6+ Ke5 51.
Rc5+ Kd4 52. Rc6 Rb2 53. Rd6+ Ke3 {White forfeits on time} 0-1

[Event "ICC Open 2015"]
[Site "Internet Chess Club"]
[Date "2015.05.29"]
[Round "5"]
[White "editm"]
[Black "rynos0411"]
[Result "1-0"]
[ICCResult "Black forfeits on time"]
[WhiteElo "1765"]
[BlackElo "1703"]
[Opening "Budapest: Rubinstein variation"]
[ECO "A52"]
[NIC "QG.01"]
[Time "14:48:50"]
[TimeControl "180+0"]

1. d4 Nf6 2. c4 e5 3. dxe5 Ng4 4. Bf4 g5 5. Bg3 Nc6 6. Nf3 Bg7 7. Qd5 Qe7 8.
Nc3 Ngxe5 9. Nxe5 Nxe5 10. e3 c6 11. Qe4 d6 12. Bxe5 Bxe5 13. Qd3 Be6 14.
Be2 h5 15. O-O-O O-O-O 16. h4 gxh4 17. f4 Bf6 18. Bf3 Bg4 19. e4 Bg7 20. Qe3
c5 21. Nd5 Qd7 22. Qa3 b6 23. Qa6+ Kb8 24. e5 dxe5 25. Nxb6
{Black forfeits on time}
1-0

[Event "ICC Open 2015"]
[Site "Internet Chess Club"]
[Date "2015.05.29"]
[Round "5"]
[White "Ancient"]
[Black "VolcanoExplorer"]
[Result "0-1"]
[ICCResult "White forfeits on time"]
[WhiteElo "1766"]
[BlackElo "1989"]
[Opening "Scotch game"]
[ECO "C45"]
[NIC "SO.04"]
[Time "14:48:11"]
[TimeControl "180+0"]

1. e4 e5 2. Nf3 Nc6 3. d4 exd4 4. Nxd4 Nxd4 5. Qxd4 d6 6. Nc3 Bd7 7. Bd3 Nf6
8. O-O Be7 9. h3 O-O 10. Bd2 Bc6 11. Rae1 Nd7 12. Kh1 Bf6 13. Qe3 Nc5 14. f4
Ne6 15. Qg3 Bh4 16. Qg4 Bxe1 17. Rxe1 f5 18. exf5 Nd4 19. Be3 Qf6 20. Bxd4
Qxd4 21. Ne4 Bxe4 22. Rxe4 Qxb2 23. Re7 Rae8 24. Rxc7 Qf6 25. Rxb7 Re7 26.
Bc4+ Kh8 27. Rxe7 Qxe7 28. Be6 Qf6 29. Qe2 Rb8 30. Qa6 Qd4 31. Qf1 h6 32.
Kh2 Rb4 33. Qd3 Qxf4+ {White forfeits on time} 0-1

[Event "ICC Open 2015"]
[Site "Internet Chess Club"]
[Date "2015.05.29"]
[Round "5"]
[White "TheCypriot"]
[Black "HappyEnding"]
[Result "0-1"]
[ICCResult "White forfeits on time"]
[WhiteElo "1831"]
[BlackElo "2267"]
[Opening "English: ultra-symmetrical variation"]
[ECO "A36"]
[NIC "EO.31"]
[Time "14:48:53"]
[TimeControl "180+0"]

1. c4 c5 2. g3 Nc6 3. Bg2 g6 4. Nc3 Bg7 5. a3 d6 6. Rb1 a5 7. d3 e5 8. Nf3
Nge7 9. O-O O-O 10. Ne1 Be6 11. Nc2 d5 12. cxd5 Nxd5 13. Ne3 Nde7 14. Bd2
Rb8 15. Nb5 Nd4 16. Nxd4 exd4 17. Nc4 b6 18. b4 axb4 19. axb4 Nd5 20. bxc5
bxc5 21. Qc2 Qe7 22. Na5 Rxb1 23. Rxb1 Nc3 24. Bxc3 dxc3 25. Rb7 Qg5 26. e3
Ra8 27. Rb5 Rc8 28. d4 Bf5 29. Qxc3 cxd4 30. Qe1 dxe3 31. Qxe3 Rc1+ 32. Bf1
Qxe3 33. Rb8+ Bf8 34. fxe3 Bh3 35. Kf2 Rxf1+ 36. Ke2 Ra1 37. Nc6 Kg7 38. Nd4
Bg4+ 39. Kd3 Bc5 40. Nb3 Rd1+ 41. Kc2 Bxe3 42. Rb4 Bf3 {White forfeits on
time} 0-1

[Event "ICC Open 2015"]
[Site "Internet Chess Club"]
[Date "2015.05.29"]
[Round "5"]
[White "manitodeplomo"]
[Black "geographywhiz"]
[Result "1-0"]
[ICCResult "Black forfeits on time"]
[WhiteElo "2591"]
[BlackElo "1960"]
[Opening "Queen's Indian: Nimzovich variation (exaggerated fianchetto)"]
[ECO "E15"]
[NIC "QI.05"]
[Time "14:48:24"]
[TimeControl "180+0"]

1. d4 Nf6 2. c4 e6 3. Nf3 b6 4. g3 Ba6 5. Qc2 Bb4+ 6. Nbd2 O-O 7. Bg2 c6 8.
O-O d5 9. b3 Nbd7 10. e4 dxe4 11. Nxe4 b5 12. c5 Ba5 13. Rd1 Bc7 14. Bg5 h6
15. Bxf6 Nxf6 16. Ne5 Bb7 17. Nxf6+ Qxf6 18. Nd7 Qe7 19. Nxf8 Rxf8 20. a4 a6
21. Qe4 Ra8 22. axb5 axb5 23. Rxa8+ Bxa8 24. Ra1 Qd8 25. Ra7 Qb8 26. Ra2 Bb7
27. b4 Qc8 28. h4 Qd7 29. f4 g6 30. Qe3 Kg7 31. Be4 f5 32. Bf3 Bd8 33. Ra7
Bf6 34. Kg2 Qc8 35. Kh3 Kf7 36. Ra2 Qd8 37. Rd2 Qd7 38. Kh2 Qd8 39. Qb3 Qd7
40. Qa2 Bc8 41. Qa8 Bb7 42. Qb8 Bd8 43. Qe5 Bf6 44. Qe3 Qd8 45. Bd1 Qd7 46.
Bb3 Qe7 47. Re2 Bc8 48. Qf3 Qd8 49. Qxc6 Bd7 50. Bxe6+ Bxe6 51. Qxe6+ Kg7
52. d5 Qf8 53. d6 Qd8 54. c6 Bxh4 55. Qd7+ Qxd7 56. cxd7
{Black forfeits on time}
1-0

[Event "ICC Open 2015"]
[Site "Internet Chess Club"]
[Date "2015.05.29"]
[Round "5"]
[White "Blondicheck"]
[Black "RST2003"]
[Result "0-1"]
[ICCResult "White forfeits on time"]
[WhiteElo "1515"]
[BlackElo "1839"]
[Opening "Sicilian"]
[ECO "B50"]
[NIC "SI.01"]
[Time "14:48:39"]
[TimeControl "180+0"]

1. e4 c5 2. Nf3 d6 3. c3 Nf6 4. Be2 Nc6 5. d4 cxd4 6. cxd4 g6 7. Nc3 Bg7 8.
O-O O-O 9. h3 Bd7 10. Bg5 a6 11. Rc1 b5 12. e5 Ne8 13. exd6 Nxd6 14. d5 Na5
15. a3 Re8 16. Re1 h6 17. Bf4 Qb6 18. Ne5 Rad8 19. Nxd7 Rxd7 20. Bxd6 exd6
21. Bf3 Rde7 22. Rxe7 Rxe7 23. Qd2 Nc4 24. Qc2 Rc7 25. Qe2 Rc8 26. Re1 Qd8
27. Be4 Nxb2 28. Qxb2 Bxc3 29. Qe2 Bxe1 30. Qxe1 Qc7 31. Qe2 h5 32. g4 hxg4
33. Qxg4 Re8 34. h4 Qc1+ 35. Kg2 Qh6 36. f4 Rxe4 37. Qc8+ Kg7 38. Qxa6 Qxf4
39. Qxb5 Qg4+ 40. Kf2 Rf4+ {White forfeits on time} 0-1